 Dungeon Crawl Stone Soup version 0.17-a0-1570-g74b7129 (webtiles) character file.

21 Dawmjeon the Grave Robber (level 3, 0/24 HPs)
             Began as a Human Necromancer on July 23, 2015.
             Succumbed to an adder's poison
             ... on level 2 of the Dungeon.
             The game lasted 00:04:27 (857 turns).

Dawmjeon the Grave Robber (Human Necromancer)        Turns: 857, Time: 00:04:28

Health: 0/24       AC:  2    Str:  9    XL:     3   Next: 2%
Magic:  2/6        EV: 12    Int: 15    God:
Gold:   56         SH:  0    Dex: 13    Spells: 2 memorised, 4 levels left

rFire  . . .     SeeInvis +     i - +0 dagger
rCold  . . .     Clarity  .     a - +0 robe
rNeg   . . .     SustAt   .     (no shield)
rPois  .         Gourm    .     (no helmet)
rElec  .         Spirit   .     (no cloak)
rCorr  .         Warding  .     (no gloves)
rMut   .         Stasis   .     (no boots)
MR     .....                    (no amulet)
Stlth  ++........               (no ring)
                                e - ring of see invisible

@: lethally poisoned (0 -> -1), very slightly contaminated, invisible, not
resistant to hostile enchantments, unstealthy
A: no striking features
a: no special abilities


You were on level 2 of the Dungeon.
You were not hungry.

You visited 1 branch of the dungeon, and saw 2 of its levels.

You collected 56 gold pieces.

Inventory:

Hand weapons
 i - a +0 dagger (weapon)
 p - a +0 hand axe
Armour
 a - a +0 robe (worn)
 o - a +0 pair of gloves
Jewellery
 e - a ring of see invisible (left hand)
 u - a cursed ring of teleportation {unknown}
Scrolls
 d - 2 scrolls of identify
 f - 2 scrolls of blinking
 h - a scroll of recharging {unknown}
 j - a scroll of magic mapping {unknown}
 k - a scroll of remove curse {unknown}
 n - a scroll of random uselessness {unknown}
 r - a scroll of teleportation {unknown}
 s - a scroll of enchant weapon {unknown}
Potions
 l - a potion of resistance {unknown}
 m - a potion of poison {unknown}
 t - a potion of mutation {unknown}
Books
 b - a book of Necromancy

   Spells                             Type                      Level
   a - Pain                           Necromancy                   1
   b - Animate Skeleton               Necromancy                   1
   c - Vampiric Draining              Necromancy                   3
   d - Regeneration                   Charms/Necromancy            3
   e - Animate Dead                   Necromancy                   4
   f - Control Undead                 Necromancy                   4
Comestibles
 c - 3 bread rations
 q - a meat ration


   Skills:
 * Level 0.6 Short Blades
 + Level 2.3 Dodging
 + Level 2.0 Stealth
 + Level 2.1 Spellcasting
 + Level 4.4 Necromancy


You had 4 spell levels left.
You knew the following spells:

 Your Spells              Type           Power        Failure   Level  Hunger
a - Pain                  Necr           ##..         4%          1    #......
b - Animate Skeleton      Necr           N/A          4%          1    #......


Dungeon Overview and Level Annotations

Branches:
Dungeon (2/15)

Altars:
The Shining One

Annotations:
D:2 Robin


Message History

It was a potion of invisibility.
You fade into invisibility!
The goblin hits you with a dagger.
* * * LOW HITPOINT WARNING * * *
You are very lightly contaminated with residual magic.
Drink which item? (? for menu, Esc to quit)
Okay, then.
You catch the helpless goblin completely off-guard!
You puncture the goblin!
You kill the goblin!
You have reached level 3!
Your experience leads to an increase in your attributes!
Increase (S)trength, (I)ntelligence, or (D)exterity?
You feel stronger.
* * * LOW HITPOINT WARNING * * *
You feel sick.
Unknown command.
* * * LOW HITPOINT WARNING * * *
You feel sick.
You die...

.#####.##.###.##
........#.##...######
.#####......._......#######
#....####...##.#........
#....# ##.###.#.#######
#....# #.# #.#.# ###### #..
..#.## #.#####..#
#...@)...# ########.## ##
#..# ... ##.######.##
#.#........ #..........
##......... #g........
#.........


There were no monsters in sight!

Vanquished Creatures
  An adder (D:2)
  A giant gecko (D:1)
  3 bats
  4 goblins
  A rat (D:2)
10 creatures vanquished.

Notes
Turn   | Place    | Note
--------------------------------------------------------------
     0 | D:1      | Dawmjeon the Human Necromancer began the quest for the Orb.
     0 | D:1      | Reached XP level 1. HP: 13/13 MP: 3/3
   112 | D:1      | Learned a level 1 spell: Animate Skeleton
   515 | D:1      | Reached XP level 2. HP: 16/19 MP: 5/5
   774 | D:2      | Found a glowing golden altar of the Shining One.
   831 | D:2      | Noticed Robin
   849 | D:2      | Reached XP level 3. HP: 2/24 MP: 1/6
   849 | D:2      | HP: 1/24 [poisoned by an adder]
   857 | D:2      | Succumbed to an adder's poison

Vault maps used:
D:1:      dpeg_arrival_line_fractal
D:2:      nicolae_overflow_crystal_walls, okawaru_metal_pillars_3, uniq_robin

Action                   || total
-------------------------++-------
Melee: Dagger            ||    38
       Unarmed           ||     1
 Cast: Pain              ||     7
       Animate Skeleton  ||     2
  Use: Scroll            ||     2
       Potion            ||     1
 Stab: Sleeping          ||     1
       Invisible         ||     1
